 Dungeon Crawl Stone Soup version 0.27.1-3-gb3d3a73c9e (webtiles) character file.

Game seed: 5347992892376756038

18 belegose the Vexing (level 2, -1/22 HPs)
             Began as a Palentonga Arcane Marksman on Oct 5, 2021.
             Slain by a ball python (3 damage)
             ... on level 1 of the Dungeon.
             The game lasted 00:01:49 (606 turns).

belegose the Vexing (Palentonga Arcane Marksman)     Turns: 606, Time: 00:01:49

Health: -1/22      AC:  4    Str: 13    XL:     2   Next: 48%
Magic:  3/3        EV: 10    Int: 13    God:
Gold:   14         SH:  0    Dex: 10    Spells: 2/3 levels left

rFire    . . .     SeeInvis +   e - +0 short sword
rCold    . . .     Faith    .   (no shield)
rNeg     . . .     Spirit   .   a - +0 robe
rPois    .         Reflect  .   (no helmet)
rElec    .         Harm     .   (no cloak)
rCorr    .         Rampage  .   (no gloves)
Will     .....                  (no barding)
Stlth    +.........             (no amulet)
HPRegen  0.07/turn              (no ring)
MPRegen  0.08/turn              (no ring)

@: no status effects
A: large, rugged brown scales 3, see invisible, deformed body, roll 1, armoured
tail
a: Rolling Charge


You were on level 1 of the Dungeon.
You visited 1 branch of the dungeon, and saw 1 of its levels.

You collected 14 gold pieces.

Inventory:

Hand Weapons
 e - a +0 short sword (weapon)
Missiles
 b - 5 javelins (quivered)
 c - 3 throwing nets
 d - 10 bolts
Armour
 a - a +0 robe (worn)


   Skills:
 + Level 1.1 Fighting
 + Level 1.5 Throwing
 + Level 2.0 Dodging
 + Level 0.1 Stealth
 + Level 1.0 Spellcasting
 + Level 3.3 Hexes


You had 2 spell levels left.
You knew the following spells:

 Your Spells              Type           Power      Damage    Failure   Level
a - Corona                Hex            10%        N/A       7%          1

Your spell library contained the following spells:

 Spells                   Type           Power      Damage    Failure   Level
 Slow                     Hex            9%         N/A       11%         2
 Inner Flame              Hex/Fire       4%         N/A       41%         3
 Portal Projectile        Hex/Tloc       8%         N/A       41%         3
 Cause Fear               Hex            4%         N/A       56%         4


Dungeon Overview and Level Annotations

Branches:
Dungeon (1/15)

Altars:


Innate Abilities, Weirdness & Mutations

You are completely covered in rugged brown scales. (AC +3, +7% HP)
You have supernaturally acute eyesight. (SInv)
Armour fits poorly on your strangely shaped body.
You can roll at nearby foes to attack.
You have a long armoured tail.


Message History

The ball python barely misses you. x2
The ball python bites you but does no damage. x2
The ball python completely misses you.
The ball python bites you but does no damage.
The ball python bites you. The ball python barely misses you.
The ball python bites you but does no damage.
The ball python bites you.
The ball python bites you but does no damage.
The ball python barely misses you. The ball python completely misses you.
The ball python barely misses you. x2
The ball python bites you but does no damage.
The ball python bites you. The ball python misses you.
The ball python bites you. The ball python barely misses you.
The ball python bites you.
* * * LOW HITPOINT WARNING * * *
The ball python bites you but does no damage.
The ball python bites you.
* * * LOW HITPOINT WARNING * * *
The ball python completely misses you. The ball python barely misses you.
The ball python closely misses you.
The ball python bites you but does no damage. x3
The ball python misses you.
The ball python bites you but does no damage. x2
The ball python barely misses you. The ball python closely misses you.
The ball python barely misses you.
The ball python bites you but does no damage.
The ball python barely misses you.
The ball python bites you but does no damage.
The ball python barely misses you. The ball python bites you.
* * * LOW HITPOINT WARNING * * *
The ball python barely misses you. x2
The ball python bites you but does no damage. x2
The ball python bites you.
* * * LOW HITPOINT WARNING * * *
The ball python misses you. The ball python bites you.
* * * LOW HITPOINT WARNING * * *
The ball python barely misses you.
The ball python bites you but does no damage.
The ball python bites you.
You die...

#.......# ....
#.....#####...#
#.#...#.......
######.#...#.......
#......#.†.#....##
#........#.#.....###
#........#.†........
#........###†....##
#.....@S.###.....#
###...SS.........#
#..............#
#................
####.#.........##.
#.##########. #'# ≈.
..# ...#


You could see 3 ball pythons.

Vanquished Creatures
  An endoplasm (D:1)
  A goblin (D:1)
  2 hobgoblins (D:1)
  4 jackals (D:1)
  A kobold (D:1)
  3 ball pythons (D:1)
  A bat (D:1)
  2 rats (D:1)
15 creatures vanquished.

Notes
Turn   | Place    | Note
-------+----------+-------------------------------------------
     0 | D:1      | belegose the Palentonga Arcane Marksman began the quest for
                  | the Orb.
     0 | D:1      | Reached XP level 1. HP: 16/16 MP: 2/2
   150 | D:1      | Found a faded altar of an unknown god.
   184 | D:1      | Reached XP level 2. HP: 4/22 MP: 3/3
   606 | D:1      | Slain by a ball python

Illustrated notes

Levels and vault maps discovered:
D:1:      matt_arrival_grand_opening, layout_basic, serial_rivers,
          chequers_serial_rivers_micro_d, chequers_serial_rivers_small_a,
          chequers_serial_rivers_large_a, chequers_serial_rivers_micro_c,
          hellmonk_ecumenical_altar_zigzags

Skill      XL: |  1  2 |
---------------+-------+-----
Dodging        | 2 |  2.0
Fighting       | |  1.1
Throwing       | |  1.5
Stealth        | |  0.1
Spellcasting   | |  1.0
Hexes          | |  3.3

Action                   || total
-------------------------++-------
Melee: Short sword       ||    42
       Tailslap          ||     5
       Unarmed           ||     3
Armor: Robe              ||    51
Dodge: Dodged            ||    69
